 Dungeon Crawl Stone Soup version 0.13-a0-2116-g5cefd36 (webtiles) character file.

2726 molai the Slicer (level 9, -5/53 HPs)
             Began as a Kobold Berserker on June 27, 2013.
             Was a High Priest of Trog.
             Slain by an orc warrior
             ... wielding a -1,+1 orcish flail
              (21 damage)
             ... on Level 7 of the Dungeon.
             The game lasted 00:53:28 (9819 turns).

molai the Slicer (Kobold Berserker)                 Turns: 9819, Time: 00:53:28

HP  -5/53        AC 12     Str 16      XL: 9   Next: 62%
MP   8/8         EV 21     Int  5      God: Trog [*****.]
Gold 493         SH  0     Dex 18      Spells:  0 memorised,  8 levels left

Res.Fire  : + . .   See Invis. : .   b - +2,+4 short sword (protect)
Res.Cold  : x . .   Warding    : .   h - +2 robe
Life Prot.: . . .   Conserve   : .   (no shield)
Res.Poison: .       Res.Corr.  : .   (no helmet)
Res.Elec. : .       Clarity    : .   j - +0 cloak
Sust.Abil.: . .     Spirit.Shd : .   l - +0 pair of gauntlets
Res.Mut.  : .       Stasis     : .   S - +0 pair of boots
Res.Rott. : .       Flight     : .   (no amulet)
Saprovore : + + .                    (no ring)
                                     T - ring of fire

@: regenerating, very resistant to hostile enchantments, very stealthy
A: disease resistance, carnivore 3, saprovore 2
a: Burn Spellbooks, Berserk, Trog's Hand, Brothers in Arms, Renounce Religion


You were on level 7 of the Dungeon.
You worshipped Trog.
Trog was exalted by your worship.
You were very full.

You visited 3 branches of the dungeon, and saw 9 of its levels.

You collected 473 gold pieces.

Inventory:

Hand weapons
 b - a +2,+4 short sword of protection (weapon)
 g - a +0,+1 orcish war axe of distortion
 q - a +1,+2 elven dagger of venom (quivered)
 H - a +2,+3 quarterstaff of chaos
 N - a -1,+3 orcish dagger of speed
Missiles
 e - 41 arrows
 i - 14 sling bullets
 k - 23 darts
 o - 49 stones
 u - 4 silver darts
 y - 15 poisoned needles
 U - a steel dart
 W - 18 arrows of dispersal
Armour
 h - a +2 robe (worn)
 j - a +0 cloak (worn)
 l - a +0 pair of gauntlets (worn)
 L - a +0 cloak
 S - a +0 pair of boots (worn)
Magical devices
 v - a wand of fire (10) {unknown}
Comestibles
 z - a sausage
 O - a meat ration
Scrolls
 f - a scroll of fog
 m - 6 scrolls of identify
 n - 2 scrolls of blinking {unknown}
 p - 3 scrolls of fear
 r - 4 scrolls of teleportation
 t - a scroll of remove curse
 w - 2 scrolls of magic mapping {unknown}
 B - 2 scrolls of amnesia {unknown}
 C - 2 scrolls of recharging {unknown}
 G - 3 scrolls of random uselessness {unknown}
 P - a scroll of curse weapon {unknown}
 Q - a scroll of curse jewellery {unknown}
Jewellery
 E - an uncursed ring of sustenance
 T - a ring of fire (left hand)
Potions
 a - a potion of degeneration {unknown}
 c - 2 potions of berserk rage {unknown}
 d - a potion of might {unknown}
 s - a potion of agility {unknown}
 x - 3 potions of brilliance {unknown}
 A - 4 potions of heal wounds {unknown}
 D - a potion of poison {unknown}
 I - a potion of flight {unknown}
 J - a potion of invisibility {unknown}
 K - 3 potions of curing {unknown}
 X - a potion of confusion {unknown}


   Skills:
 + Level 4.7 Fighting
 - Level 9.5 Short Blades
 - Level 0.5 Staves
 + Level 2.6 Throwing
 - Level 1.7 Armour
 + Level 8.3 Dodging
 + Level 6.2 Stealth
 + Level 1.9 Traps


You had 8 spell levels left.
You didn't know any spells.

Dungeon Overview and Level Annotations

Branches:
Dungeon (7/27)             Temple (1/1) D:5             Orc (1/4) D:7

Altars:
Ashenzari
Cheibriados
Elyvilon
Fedhas
Kikubaaqudgha
Makhleb
Nemelex Xobeh
Okawaru
Sif Muna
Trog
Vehumet
Xom
Yredelemnul
Zin
the Shining One

Shops:
D:4: [


Innate Abilities, Weirdness & Mutations

You recuperate from illness quickly.
You are small and have problems with some larger weapons.
You are carnivorous and can eat meat at any time.
You can eat rotten meat.


Message History

An uncursed orcish short sword.
There is something else lying underneath.
An open door, spattered with blood.
Use which ability? (? or * to list)
Your skin crawls.
You feel resistant to hostile enchantments.
You feel slightly less full.
The orc hits you from afar with an orcish trident.
The orc warrior closely misses you. The orc priest misses you.
You hit the orc warrior.
The orc warrior is moderately wounded.
The orc hits you with an orcish flail.
* * * LOW HITPOINT WARNING * * *
The orc closely misses you.
You barely miss the orc warrior.
The orc warrior is moderately wounded.
The orc warrior hits you but does no damage.
The orc priest misses you.
The orc warrior hits you with an orcish flail!
You die...

...#... ..#........#####.
...'.8o .8.#..........# #.
#...## #.. #..........####
#.#'###'# #.............#
#.##%..# #.............. #.
#.>.# #..............
#.##o..## #..............
##.#'###o####........#.....
#..)#####o@[#........##....
#.8..oo.oo8[[.#......##....
#...#####)[)#####....##.#..
##'## ##### #............
... ###.######### #### #.#
###


You could see an orc warrior, an orc priest and 4 orcs.

Vanquished Creatures
  2 hungry ghosts
  The ghost of disskorpion the Shield-Bearer, an average NaFi (D:5)
  An ice beast (D:6)
  An ogre (D:6)
  3 centaurs
  3 orc warriors
  2 giant frogs
  Blork the orc (D:4)
  3 crimson imps
  A goliath beetle (D:6)
  2 ogre skeletons
  4 orc priests
  Crazy Yiuf (D:3)
  7 orc wizards
  2 scorpions
  4 worker ants
  3 gnolls (D:6)
  10 adders
  An adder skeleton (D:3)
  A giant mite (D:7)
  2 giant eyeballs (D:7)
  7 giant geckos
  3 oozes
  37 orcs
  A ball python (D:3)
  10 bats
  5 giant cockroaches
  16 hobgoblins
  4 jackals (D:4)
  3 quokkas
  A giant cockroach zombie (D:3)
  5 giant newts
  16 goblins
  A hobgoblin skeleton (D:7)
  10 kobolds
  A kobold skeleton (D:4)
  11 rats
  A rat skeleton (D:4)
  8 butterflies
  2 fungi (D:3)
  4 plants (D:3)
201 creatures vanquished.

Vanquished Creatures (others)
  A giant gecko (D:7)
  3 orcs (D:7)
  A goblin (D:4)
  A kobold (D:4)
6 creatures vanquished.

Grand Total: 207 creatures vanquished

Notes
Turn   | Place    | Note
--------------------------------------------------------------
     0 | D:1      | molai, the Kobold Berserker, began the quest for the Orb.
     0 | D:1      | Reached XP level 1. HP: 14/14 MP: 0/0
   140 | D:1      | Reached XP level 2. HP: 13/19 MP: 1/1
   620 | D:1      | Reached XP level 3. HP: 24/24 MP: 2/2
  1039 | D:2      | Acquired Trog's second power
  1391 | D:2      | You fall through a shaft!
  1765 | D:3      | Reached skill level 5 in Short Blades
  1765 | D:3      | Reached XP level 4. HP: 29/29 MP: 3/3
  1914 | D:2      | Found a white marble altar of Elyvilon.
  2950 | D:3      | Reached XP level 5. HP: 33/33 MP: 4/4
  3628 | D:3      | Noticed Crazy Yiuf
  3637 | D:3      | Killed Crazy Yiuf
  3700 | D:4      | Noticed a hungry ghost
  3738 | D:4      | Killed a hungry ghost
  3738 | D:4      | Reached skill level 1 in Throwing
  3738 | D:4      | Reached skill level 5 in Dodging
  3738 | D:4      | Reached skill level 1 in Stealth
  3738 | D:4      | Reached XP level 6. HP: 10/39 MP: 5/5
  3985 | D:4      | Noticed Blork the orc
  3987 | D:4      | Found Meahiac's Armour Emporium.
  4006 | D:4      | Killed Blork the orc
  4382 | D:4      | Reached XP level 7. HP: 43/43 MP: 6/6
  4405 | D:4      | Reached skill level 6 in Short Blades
  5182 | D:5      | Entered Level 5 of the Dungeon
  5314 | D:5      | Reached skill level 1 in Traps
  5320 | D:5      | Noticed disskorpion's ghost (average NaFi)
  5333 | D:5      | Killed disskorpion's ghost
  5333 | D:5      | Reached skill level 7 in Short Blades
  5406 | D:5      | Found a staircase to the Ecumenical Temple.
  5419 | Temple   | Entered the Ecumenical Temple
  6312 | D:6      | Reached XP level 8. HP: 48/48 MP: 7/7
  6337 | D:6      | Reached skill level 8 in Short Blades
  6797 | D:6      | Acquired Trog's third power
  7287 | D:6      | Reached skill level 9 in Short Blades
  7287 | D:6      | Reached skill level 5 in Stealth
  7668 | D:6      | Reached XP level 9. HP: 47/52 MP: 8/8
  8517 | D:7      | Paralysed by a giant eyeball for 3 turns
  8712 | D:7      | Paralysed by a giant eyeball for 4 turns
  8722 | D:7      | Found a bloodstained altar of Trog.
  8739 | D:7      | Found a shimmering altar of Xom.
  8758 | D:7      | Found a glowing golden altar of the Shining One.
  8768 | D:7      | Found a deep blue altar of Sif Muna.
  9239 | D:7      | Found a staircase to the Orcish Mines.
  9263 | Orc:1    | Entered Level 1 of the Orcish Mines
  9819 | D:7      | Slain by an orc warrior

Action                   |  1- 3 |  4- 6 |  7- 9 || total
-------------------------+-------+-------+-------++-------
Melee: Short sword       |    38 |    51 |   536 ||   625
       Dagger            |   395 |   274 |       ||   669
       Quarterstaff      |       |    27 |       ||    27
Throw: Club              |     2 |     6 |    10 ||    18
       Dart              |       |       |     8 ||     8
       Dagger            |       |       |     2 ||     2
Invok: Berserk           |       |     4 |     8 ||    12
       Trog's Hand       |       |       |     2 ||     2
  Use: Scroll            |       |       |     6 ||     6
 Stab: Sleeping          |       |       |     5 ||     5
